 Dungeon Crawl Stone Soup version 0.29.1-2-gbd0b4ee654 (webtiles) character file.

Game seed: 6809609185682243692

72 Earthwalker the Covered (level 4, -9/40 HPs)
             Began as a Minotaur Fighter on Oct 23, 2022.
             Mangled by an ogre
             ... wielding a +0 giant spiked club
              (14 damage)
             ... on level 2 of the Dungeon.
             The game lasted 00:01:39 (1534 turns).

Earthwalker the Covered (Minotaur Fighter)          Turns: 1534, Time: 00:01:40

Health: -9/40      AC:  7    Str: 23    XL:     4   Next: 7%
Magic:  3/3        EV:  9    Int:  5    God:
Gold:   122        SH:  4    Dex:  9    Spells: 3/3 levels left

rFire   . . .      SeeInvis .   a - +0 war axe
rCold   . . .      Faith    .   c - +0 buckler
rNeg    . . .      Spirit   .   b - +0 scale mail
rPois   .          Reflect  .   (helmet restricted)
rElec   .          Harm     .   (no cloak)
rCorr   .          Rampage  .   (no gloves)
Will    .....                   (no boots)
Stlth   ..........              (no amulet)
HPRegen 0.13/turn               (no ring)
MPRegen 0.08/turn               (no ring)

@: no status effects
A: horns 2, retaliatory headbutt
a: no special abilities


You were on level 2 of the Dungeon.
You visited 1 branch of the dungeon, and saw 2 of its levels.

You collected 122 gold pieces.

Inventory:

Hand Weapons
 a - a +0 war axe (weapon)
Missiles
 m - a throwing net (quivered)
Armour
 b - a +0 scale mail (worn)
 c - a +0 buckler (worn)
Scrolls
 e - a scroll of identify {unknown}
 f - a scroll of silence {unknown}
 h - a scroll of enchant armour {unknown}
 j - a scroll of brand weapon {unknown}
 k - a scroll of magic mapping {unknown}
Potions
 d - a potion of might
 g - a potion of flight {unknown}
 i - a potion of mutation {unknown}
 l - a potion of curing {unknown}


   Skills:
 * Level 4.2 Fighting
 * Level 3.2 Axes
 + Level 0.9 Throwing
 * Level 4.2 Armour
 + Level 0.9 Dodging
 * Level 4.2 Shields


You had 3 spell levels left.
You didn't know any spells.
Your spell library contained the following spells:

 Spells                   Type           Power      Damage    Failure   Level
 Ensorcelled Hibernation  Hex/Ice        0%         N/A       95%         2
 Passwall                 Tmut/Erth      0%         N/A       95%         2
 Sublimation of Blood     Necr           0%         N/A       95%         2
 Wereblood                Tmut           0%         N/A       95%         2
 Swiftness                Air            0%         N/A       99%         3
 Summon Hydra             Summ           0%         N/A       100%        7


Dungeon Overview and Level Annotations

Branches:
Dungeon (2/15)

Altars:


Innate Abilities, Weirdness & Mutations

You have a pair of horns on your head.
You reflexively headbutt those who attack you in melee.


Message History

A rat is nearby!
You block the rat's attack.
You hit the rat.
You kill the rat!
No target in view!
You now have 122 gold pieces (gained 11).
You see here a +0 scale mail.
You see here a +0 spear.
You see here a +0 spear.
You see here a +0 scale mail.
You see here a +0 leather armour.
Found a stone staircase leading down.
Found 5 stones.
No target in view!
No target in view!
An ogre comes into view. It is wielding a +0 giant spiked club.
Found 3 gold pieces.
The ogre shouts!
A giant cockroach comes into view.
The ogre moves out of view.
You block the ogre's attack.
There are monsters nearby!
You closely miss the ogre. Your headbutt misses the ogre.
You barely miss the giant cockroach. The giant cockroach closely misses you.
The ogre hits you with a +0 giant spiked club!
The giant cockroach bites you but does no damage.
You slash the ogre!
The ogre is moderately wounded.
You hit the giant cockroach but do no damage.
You block the giant cockroach's attack.
The ogre hits you with a +0 giant spiked club!!
Ouch! That really hurt!
* * * LOW HITPOINT WARNING * * *
You hit the ogre.
The ogre is heavily wounded.
You barely miss the giant cockroach.
The giant cockroach bites you but does no damage.
You block the giant cockroach's attack.
The ogre hits you with a +0 giant spiked club!
You die...

###################
#..................
#..................
#....$.............
######..................
..#.....>........)......
.......BO...#_..........
.......@.....##.>.......
........############.###
........# #.# ....(...#
#.# ..#...#.# ##.# #
#####.## #..# # #..#
#.## ##.# #†# #.# ##.#


You could see an ogre and a giant cockroach.

Vanquished Creatures
  2 adders (D:2)
  A dart slug (D:1)
  5 ball pythons (D:1)
  3 endoplasms
  A giant cockroach (D:1)
  9 goblins
  4 hobgoblins
  7 jackals
  3 quokkas (D:1)
  3 bats (D:1)
  3 frilled lizards (D:1)
  3 kobolds (D:1)
  A rat (D:2)
45 creatures vanquished.

Notes
Turn   | Place    | Note
-------+----------+-------------------------------------------
     0 | D:1      | Earthwalker the Minotaur Fighter began the quest for the
                  | Orb.
     0 | D:1      | Reached XP level 1. HP: 19/19 MP: 0/0
   116 | D:1      | Reached XP level 2. HP: 20/27 MP: 1/1
   396 | D:1      | Reached XP level 3. HP: 33/33 MP: 2/2
  1353 | D:2      | Reached XP level 4. HP: 40/40 MP: 3/3
  1362 | D:2      | Found a faded altar of an unknown god.
  1528 | D:2      | Noticed an ogre
  1534 | D:2      | Mangled by an ogre

Illustrated notes

Levels and vault maps discovered:
D:1:      giann_bridges, layout_basic
D:2:      layout_rooms, ebering_ecumenical_altar_rust

Skill      XL: |  1  2  3 |
---------------+----------+-----
Shields        | 4 |  4.2
Armour         | 4 |  4.2
Fighting       | 4 |  4.2
Axes           | 3 |  3.2
Throwing       | |  0.9
Dodging        | |  0.9

Action                   |  1- 3 |  4- 6 || total
-------------------------+-------+-------++-------
Melee: War axe           |    98 |     8 ||   106
       Headbutt          |     6 |     3 ||     9
Armor: Scale mail        |    64 |     3 ||    67
Dodge: Dodged            |    48 |     3 ||    51
Block: Buckler           |    20 |     5 ||    25
